 Dungeon Crawl Stone Soup version 0.27.1-3-gb3d3a73c9e (webtiles) character file.

Game seed: 18285475040398924212

42 horus123 the Conjurer (level 3, -5/16 HPs)
             Began as a Vine Stalker Conjurer on Oct 18, 2021.
             Slain by a gnoll (7 damage)
             ... on level 2 of the Dungeon.
             The game lasted 00:02:21 (1232 turns).

horus123 the Conjurer (Vine Stalker Conjurer)       Turns: 1232, Time: 00:02:21

Health: -5/16      AC:  2    Str:  9    XL:     3   Next: 56%
Magic:  0/7        EV: 12    Int: 19    God:
Gold:   45         SH:  0    Dex: 12    Spells: 0/6 levels left

rFire    x . .     SeeInvis .   (no weapon)
rCold    + . .     Faith    .   (no shield)
rNeg     . . .     Spirit   +   a - +0 robe
rPois    .         Reflect  .   (no helmet)
rElec    .         Harm     .   (no cloak)
rCorr    .         Rampage  .   (no gloves)
Will     .....                  (no boots)
Stlth    ++........             (no amulet)
HPRegen  0.05/turn              d - ring of ice
MPRegen  0.10/turn              (no ring)

@: no status effects
A: fangs 2, magic shield, antimagic bite, no potion heal 2
a: no special abilities


You were on level 2 of the Dungeon.
You visited 1 branch of the dungeon, and saw 2 of its levels.

You collected 45 gold pieces.

Inventory:

Armour
 a - a +0 robe (worn)
Jewellery
 d - a ring of ice (left hand)
Scrolls
 b - a scroll of noise {unknown}
 e - a scroll of fog {unknown}
Potions
 c - 2 potions of heal wounds {unknown}


   Skills:
 + Level 1.6 Dodging
 + Level 2.7 Stealth
 + Level 2.4 Spellcasting
 + Level 4.9 Conjurations
 * Level 0.6 Hexes


You couldn't memorise any spells.
You knew the following spells:

 Your Spells              Type           Power      Damage    Failure   Level
a - Magic Dart            Conj           80%        1d7       2%          1
b - Searing Ray           Conj           40%        3d4       3%          2
c - Dazzling Flash        Conj/Hex       24%        N/A       16%         3

Your spell library contained the following spells:

 Spells                   Type           Power      Damage    Failure   Level
 Fulminant Prism          Conj/Hex       6%         3d7       45%         4
 Iskenderun's Mystic Bla  Conj/Tloc      11%        2d4       52%         4


Dungeon Overview and Level Annotations

Branches:
Dungeon (2/15)

Altars:


Innate Abilities, Weirdness & Mutations

You have extremely sharp teeth.
When hurt, damage is shared between your health and your magic reserves.
Your bite disrupts and absorbs the magic of your enemies.
Potions cannot restore your health.


Message History

The magic dart hits the gnoll.
The gnoll is moderately wounded.
Casting: Magic Dart (safe; 2% risk of failure)
Confirm with . or Enter, or press ? or * to list all spells.
You can't see any susceptible monsters within range! (Use Z to cast anyway.) Unknown command.
The magic dart hits the gnoll but does no damage.
The gnoll is moderately wounded.
A gnoll comes into view. It is wielding a +0 spear.
Casting: Magic Dart (safe; 2% risk of failure)
Confirm with . or Enter, or press ? or * to list all spells.
Aiming: Searing Ray (safe; 3% risk of failure)
Press: ? - help, Shift-Dir - straight line, f/p - gnoll
Aim: a gnoll, wielding a +0 halberd (moderately wounded, 81% to hit)
The searing ray hits the gnoll.
The gnoll is severely wounded. (Press . to maintain the ray.)
The searing ray hits the gnoll!
You kill the gnoll!
The searing ray hits the gnoll!
The gnoll is heavily wounded.
A gnoll comes into view. It is wielding a +0 spear.
Without enough magic to sustain it, your searing ray dissipates.
The gnoll hits you from afar with a +0 spear.
The magic dart hits the gnoll but does no damage.
The gnoll is heavily wounded.
The gnoll shouts!
The gnoll completely misses you.
You completely miss the gnoll. You bite the gnoll, but do no damage.
The gnoll is heavily wounded.
The gnoll hits you with a +0 spear. The gnoll closely misses you.
You hit the gnoll but do no damage.
The gnoll is heavily wounded.
The gnoll hits you with a +0 spear. The gnoll closely misses you.
You barely miss the gnoll.
The gnoll is heavily wounded.
The gnoll hits you with a +0 spear.
* * * LOW HITPOINT WARNING * * *
The gnoll hits you from afar with a +0 spear!
You die...

#.#.##....# #.....#..#.....
#.#.##....# ######.#.###.##
#.#..#†...# #.#.# #.#
#.##†#....# #(#.###.##
#.#.......# ##.#.......
#.........## ............##
#..)..........####...###..#
#..#.#.#.#### #..## ##.#
#.......gg@.# #...# #..
#.)########.......## ###
#..# ######.## # #.)# #.
#..# #.# # #g.# ..# ###
#..# ... #.. #... #.# ##.#
#..#+#..#


You could see 2 gnolls.

Vanquished Creatures
  A gnoll (D:2)
  A dart slug (D:1)
  A ball python (D:1)
  4 bats (D:1)
  3 endoplasms
  2 giant cockroaches (D:2)
  3 hobgoblins (D:2)
  2 quokkas (D:1)
  2 frilled lizards (D:1)
  A goblin (D:1)
  6 kobolds
  4 rats
30 creatures vanquished.

Notes
Turn   | Place    | Note
-------+----------+-------------------------------------------
     0 | D:1      | horus123 the Vine Stalker Conjurer began the quest for the
                  | Orb.
     0 | D:1      | Reached XP level 1. HP: 9/9 MP: 4/4
   169 | D:1      | Reached XP level 2. HP: 13/13 MP: 4/6
   244 | D:1      | Learned a level 2 spell: Searing Ray
   933 | D:2      | Reached XP level 3. HP: 16/16 MP: 5/7
   937 | D:2      | Learned a level 3 spell: Dazzling Flash
  1232 | D:2      | Slain by a gnoll

Illustrated notes

Levels and vault maps discovered:
D:1:      dpeg_arrival_short_road, layout_loops_ring
D:2:      cheibrodos_greedy_goblins, layout_loops_ring, basic_altar,
          shapermc_ecumenical_altar_petra, dk_vineyard_2

Action                   || total
-------------------------++-------
Melee: Unarmed           ||     5
       Bite              ||     2
 Cast: Magic Dart        ||    52
       Searing Ray       ||     1
  Use: Scroll            ||     1
 Stab: Sleeping          ||     1
Armor: Robe              ||     3
Dodge: Dodged            ||     7
